 Dungeon Crawl Stone Soup version 0.30-a0-630-g881e3bac89 (webtiles) character file.

Game seed: 4600412410231819242

531 Citaku the Covered (level 7, -1/61 HPs)
             Began as a Minotaur Fighter on Jan 13, 2023.
             Slain by a centaur
             ... wielding a +0 rapier
              (5 damage)
             ... on level 4 of the Dungeon.
             The game lasted 00:04:44 (2811 turns).

Citaku the Covered (Minotaur Fighter)               Turns: 2811, Time: 00:04:45

Health: -1/61      AC:  8    Str: 23    XL:     7   Next: 3%
Magic:  6/6        EV:  9    Int:  5    God:
Gold:   255        SH:  4    Dex:  9    Spells: 6/6 levels left

rFire   . . .      SeeInvis .    g - +2 hand axe (heavy)
rCold   . . .      Faith    .    c - +0 buckler
rNeg    . . .      Spirit   .    b - +0 scale mail
rPois   .          Reflect  .    (helmet restricted)
rElec   .          Harm     .    (no cloak)
rCorr   .          Rampage  .    (no gloves)
Will    .....                    i - +0 pair of boots Stlth
                                 (no amulet)
HPRegen 0.30/turn                o - +4 ring of slaying
MPRegen 0.10/turn                (no ring)

@: no status effects
A: horns 2, retaliatory headbutt
a: no special abilities


You were on level 4 of the Dungeon.
You visited 1 branch of the dungeon, and saw 4 of its levels.

You collected 255 gold pieces.

Inventory:

Hand Weapons
 g - a +2 heavy hand axe (weapon)
Armour
 b - a +0 scale mail (worn)
 c - a +0 buckler (worn)
 i - a +0 pair of boots (worn)
Jewellery
 o - a +4 ring of slaying (left hand)
Wands
 d - a wand of light (7)
 r - a wand of paralysis (7)
Scrolls
 a - 7 scrolls of identify {unknown}
 j - a scroll of immolation {unknown}
 k - a scroll of fear {unknown}
 l - 2 scrolls of teleportation {unknown}
 p - a scroll of fog {unknown}
 q - 2 scrolls of enchant weapon {unknown}
 t - a scroll of summoning {unknown}
 u - a scroll of blinking {unknown}
Potions
 e - 3 potions of lignification {unknown}
 f - 4 potions of heal wounds {unknown}
 h - 3 potions of degeneration {unknown}
 m - 2 potions of brilliance {unknown}
 n - a potion of ambrosia {unknown}
 s - a potion of flight {unknown}


   Skills:
 + Level 5.1 Fighting
 * Level 5.7 Axes
 * Level 6.2 Armour
 + Level 5.1 Shields


You had 6 spell levels left.
You didn't know any spells.
Your spell library contained the following spells:

 Spells                   Type           Power      Damage    Failure   Level
 Beastly Appendage        Tmut           0%         N/A       85%         1
 Wereblood                Tmut           0%         N/A       94%         2
 Ozocubu's Armour         Ice            0%         N/A       99%         3
 Spider Form              Tmut/Pois      0%         N/A       99%         3
 Ozocubu's Refrigeration  Ice            0%         4d7       100%        7


Dungeon Overview and Level Annotations

Branches:
Dungeon (4/15)
 Temple: D:4-7

Altars:


Innate Abilities, Weirdness & Mutations

You have a pair of horns on your head.
You reflexively headbutt those who attack you in melee.


Message History

You block the orc's attack.
Okay, then.
You hit the centaur. Your headbutt misses the centaur.
The centaur is lightly wounded.
You barely miss the orc. You closely miss the goblin. You slash the orc!
You kill the orc!
The centaur hits you with a +0 rapier.
* * * LOW HITPOINT WARNING * * *
The centaur kicks you but does no damage.
The goblin hits you but does no damage. The centaur closely misses you.
You furiously retaliate!
You headbutt the centaur! You block the centaur's attack.
The orc barely misses you. The goblin hits you but does no damage.
You slash the centaur!
The centaur is almost dead.
You slash the goblin!
You kill the goblin!
You slash the orc!
You kill the orc!
The centaur completely misses you.
The centaur kicks you but does no damage.
You block the centaur's attack.
The centaur kicks you but does no damage.
You block the orc's attack. The centaur closely misses you.
The centaur kicks you.
* * * LOW HITPOINT WARNING * * *
You completely miss the centaur.
The centaur is almost dead.
You hit the orc. The centaur barely misses you.
The centaur kicks you but does no damage.
The orc hits you with a +0 hand axe.
* * * LOW HITPOINT WARNING * * *
The centaur hits you but does no damage.
You block the centaur's attack.
You hit the centaur. Your headbutt misses the centaur.
The centaur is almost dead.
You hit the orc.
You kill the orc!
The centaur hits you with a +0 rapier.
You die...

#.........).........#....
##........#.#............#
#....##..##.......###.##..
..#.....#......### ###...
. ##....###....# #...
.##..#...#....... ##..
.....#............#.#.#..
.....#....c...............
....###".@................
.#.. ##)))...............
#......... .#......
#?..#..... ##.....
....##.... ....... ....##
.... ........ ....# ...
........ .....# .. ....
....


You could see a centaur.

Vanquished Creatures
  Sigmund (D:2)
  A centaur (D:4)
  A hound (D:4)
  2 orc priests (D:3)
  3 gnolls (D:4)
  6 adders
  A worm (D:2)
  2 dart slugs
  10 orcs
  5 ball pythons
  9 bats
  10 endoplasms
  4 giant cockroaches
  10 goblins
  6 hobgoblins
  4 jackals (D:2)
  12 kobolds
  3 quokkas (D:1)
  5 frilled lizards
  8 rats
103 creatures vanquished.

Notes
Turn   | Place    | Note
-------+----------+-------------------------------------------
     0 | D:1      | Citaku the Minotaur Fighter began the quest for the Orb.
     0 | D:1      | Reached XP level 1. HP: 19/19 MP: 0/0
   162 | D:1      | Reached XP level 2. HP: 27/27 MP: 1/1
   278 | D:1      | Reached skill level 4 in Armour
   453 | D:1      | Reached XP level 3. HP: 33/33 MP: 2/2
   977 | D:2      | Reached XP level 4. HP: 40/40 MP: 3/3
  1033 | D:2      | Found a faded altar of an unknown god.
  1268 | D:2      | Noticed Sigmund
  1279 | D:2      | Killed Sigmund
  1280 | D:2      | Reached skill level 5 in Armour
  1280 | D:2      | Reached XP level 5. HP: 32/47 MP: 4/4
  1577 | D:3      | Reached XP level 6. HP: 53/53 MP: 5/5
  1716 | D:3      | Reached skill level 5 in Axes
  2600 | D:4      | Reached skill level 5 in Shields
  2603 | D:4      | Reached skill level 6 in Armour
  2714 | D:4      | Reached skill level 5 in Fighting
  2714 | D:4      | Reached XP level 7. HP: 24/61 MP: 6/6
  2811 | D:4      | Slain by a centaur

Illustrated notes

Levels and vault maps discovered:
D:1:      dpeg_arrival_boxes_within_box, layout_basic
D:2:      layout_basic, hellmonk_ecumenical_altar_crossroads, uniq_sigmund
D:3:      layout_rooms, serial_co_window_serial, co_window_paths_b,
          co_window_paths_b, co_window_of_opportunity_a,
          co_window_of_opportunity_a, co_window_corner_a,
          co_window_of_opportunity_a, co_window_paths_b, co_window_corner_a,
          co_window_corner_a, co_window_broadway_c, co_window_paths_c,
          co_window_paths_c, co_window_paths_d, co_window_4corner_b,
          glass_columns_a, glass_columns_a
D:4:      layout_cave_pools, kennysheep_mini_moat, lemuel_flame_loot_1

Skill      XL: |  1  2  3  4  5  6 |
---------------+-------------------+-----
Armour         | 4 5 6 |  6.2
Axes           | 3 4 5 |  5.7
Fighting       | 4 5 |  5.1
Shields        | 4 5 |  5.1

Action                   |  1- 3 |  4- 6 |  7- 9 || total
-------------------------+-------+-------+-------++-------
Melee: Hand axe          |    60 |    58 |     4 ||   122
       Headbutt          |     5 |    12 |       ||    17
       War axe           |     1 |       |       ||     1
  Use: Potion            |       |     1 |       ||     1
Armor: Scale mail        |    47 |    36 |     9 ||    92
Dodge: Dodged            |    34 |    56 |    10 ||   100
Block: Buckler           |    23 |    18 |     9 ||    50

Table legend: (Time is in decaauts)
 A = Elapsed time spent in this place.
 B = Non-inter-level travel time spent in this place.
 C = Inter-level travel time spent in this place.
 D = Time resting spent in this place.
 E = Time spent auto-exploring this place.
 F = Levels seen in this place.
 G = Mean time per level.
                   A        B        C        D        E       F      G
               +--------+--------+--------+--------+--------+-----+--------+
         Total |   2890 |   2812 |     78 |      0 |   2073 |   4 |  722.5 |
       Dungeon |   2890 |   2812 |     78 |      0 |   2073 |   4 |  722.5 |
               +--------+--------+--------+--------+--------+-----+--------+

Top non-repeatable levels by time:
     D:3: 1034 daAuts
     D:1: 854 daAuts
     D:2: 737 daAuts
     D:4: 263 daAuts
